cohdb
Replays
Latest Replays
All Replays
Popular Replays
Top Player Replays
Match Explorer
How It Works
Community
CoH3 Stats
Reddit
Sign in to upload your games and track your stats! →
Sign in with Steam
Match 43608740
Unlisted
Match 43608740
Overview
Messages
Build Orders
End
Selects Terror Battlegroup
Selects Machine Gun Camouflage
Kettenkrad Recon Vehicle
Construct Infanterie Kompanie
MG 42 Machine Gun Team
Grenadier Squad
MG 42 Machine Gun Team
GrW 34 Mortar Team
MG 42 Bunker
Construct Luftwaffe Kompanie
Support Elements
MG 42 Bunker
Medical Station
Construct Panzergrenadier Kompanie
Wirbelwind Flakpanzer
Jäger Squad
Pioneer Squad
251 Medium Carrier
Grenadier Squad
Guderian ITA
Fajolada
agonys
JH432
0
0
Comments
sign in to comment!
No comments posted yet!